[Event "Titled Tuesday Blitz November 08 Late 2022"]
[White "Estrada Nieto, Julian"]
[Black "Polster, Christian"]
[WhiteFideId "5101018"]
[BlackFideId "12965081"]
[WhiteElo "2221"]
[BlackElo "2209"]
[Result "1-0"]
[Round "07"]
[TimeControl "180+1"]
[Date "2022.11.09"]
[WhiteClock "0:01:14"]
[BlackClock "0:00:08"]

1. e4 c5 2. Nf3 d6 3. Bb5+ Bd7 4. Bxd7+ Qxd7 5. O-O Nc6 6. c3 Nf6 7. Re1 g6 8. d4 cxd4 9. cxd4 d5 10. e5 Ne4 11. Nbd2 Nxd2 12. Bxd2 Bg7 13. Rc1 O-O 14. h3 Rfc8 15. Bf4 e6 16. Qd2 b6 17. Bh6 Bh8 18. Nh2 Na5 19. Ng4 Rxc1 20. Rxc1 Rc8 21. Rxc8+ Qxc8 22. Qf4 Qd8 23. Bg5 Qc8 24. Nf6+ Bxf6 25. Bxf6 Nc4 26. b3 Na3 27. Qh6 Qf8 28. Qc1 a5 29. Qc6 Qb8 30. Be7 Nb1 31. Qc1 Qe8 32. Bd6 1-0


[Site "https://www.chess.com"]

[Event "Titled Tuesday Blitz November 08 Late 2022"]
[White "Fernandez Guillen, Ernesto J."]
[Black "Martic, Ivan"]
[WhiteFideId "3512428"]
[BlackFideId "929301"]
[WhiteElo "2450"]
[BlackElo "2355"]
[Result "1-0"]
[Round "07"]
[TimeControl "180+1"]
[Date "2022.11.08"]
[WhiteClock "0:00:10"]
[BlackClock "0:00:11"]

1. e4 c6 2. d4 d5 3. e5 Bf5 4. c3 e6 5. Bd3 Bxd3 6. Qxd3 Qb6 7. Ne2 Ne7 8. O-O Qa6 9. Qd1 Nd7 10. Nd2 c5 11. Nf3 Nc6 12. Be3 Be7 13. a3 cxd4 14. cxd4 Na5 15. b4 Nc4 16. Nf4 O-O 17. h4 Rac8 18. Ng5 h6 19. Qh5 Nxe3 20. fxe3 Rc2 21. Rf3 Qc4 22. Kh2 Rc1 23. Rxc1 Qxc1 24. Nxf7 Rxf7 25. Nxd5 Rxf3 26. Nxe7+ Kf8 27. Ng6+ Kf7 28. Nf4+ Kg8 29. Qxf3 Qxa3 30. Qxb7 Qxe3 31. Nxe6 Qe1 32. g3 Qf2+ 33. Qg2 Qf7 34. Nf4 Qc4 35. Qd5+ Qxd5 36. Nxd5 Kf7 37. g4 g5 38. hxg5 hxg5 39. Kg3 Ke6 40. Nc7+ Ke7 41. Kf3 Nb6 42. Ke4 Kd7 43. Nd5 Nc4 44. Nf6+ Ke7 45. d5 Nd2+ 46. Kf5 Nf3 47. d6+ Kd8 48. e6 Kc8 49. e7 Nd4+ 50. Kxg5 Ne6+ 51. Kg6 Nc7 52. dxc7 Kb7 53. e8=Q a5 54. c8=Q+ Ka7 55. Qc5+ Ka6 56. Qeb5# 1-0


[Site "https://www.chess.com"]

[Event "Titled Tuesday Blitz November 08 Late 2022"]
[White "Floresvillar Gonzalez, Luis Migu"]
[Black "Storey, Charles H"]
[WhiteFideId "5100542"]
[BlackFideId "406686"]
[WhiteElo "2040"]
[BlackElo "2252"]
[Result "0-1"]
[Round "07"]
[TimeControl "180+1"]
[Date "2022.11.09"]
[WhiteClock "0:00:34"]
[BlackClock "0:01:00"]

1. d4 g6 2. c3 Bg7 3. Bg5 d6 4. Nd2 Nf6 5. h4 h6 6. Bf4 Nc6 7. Ngf3 Bg4 8. Qb3 Qc8 9. d5 Nb8 10. e4 O-O 11. Be2 Na6 12. Qc2 Nc5 13. b4 Ncd7 14. Nb3 Nh5 15. Bh2 c6 16. O-O cxd5 17. exd5 Qxc3 18. Qxc3 Bxc3 19. Rac1 Bxb4 20. Rc7 b6 21. Nfd4 Bxe2 22. Nxe2 Nhf6 23. Bf4 Kg7 24. Rfc1 Bc5 25. Nxc5 bxc5 26. Rb1 Rfc8 27. Rbb7 Rxc7 28. Rxc7 a5 29. Nc3 Rb8 30. Ra7 Rb4 31. g3 Rc4 32. Bd2 Rd4 33. Be3 Rd3 34. Nb5 Rxd5 35. Rxa5 c4 36. a4 c3 37. Ra7 c2 38. Rc7 Nc5 39. a5 Rd1+ 40. Kg2 Nd5 41. Bd4+ Rxd4 42. Nxd4 c1=Q 0-1


[Site "https://www.chess.com"]

[Event "Titled Tuesday Blitz November 08 Late 2022"]
[White "Forgacs, Attila Jr."]
[Black "Levine, David"]
[WhiteFideId "773654"]
[BlackFideId "2011611"]
[WhiteElo "2168"]
[BlackElo "2193"]
[Result "1-0"]
[Round "07"]
[TimeControl "180+1"]
[Date "2022.11.09"]
[WhiteClock "0:00:55"]
[BlackClock "0:00:27"]

1. e4 e5 2. Nf3 Nc6 3. Bb5 a6 4. Ba4 Nf6 5. O-O Be7 6. Re1 b5 7. Bb3 d6 8. c3 O-O 9. h3 Bb7 10. d4 Re8 11. Nbd2 Bf8 12. Nf1 exd4 13. cxd4 Rxe4 14. Bxf7+ Kh8 15. Rxe4 Nxe4 16. Bd5 Nf6 17. Ng5 Nxd5 18. Nf7+ Kg8 19. Nxd8 Rxd8 20. Ne3 Nf6 21. Ng4 Be7 22. Bg5 Nd5 23. Bxe7 Ncxe7 24. Qd2 Rf8 25. Re1 Rf7 26. Qg5 Kf8 27. h4 c5 28. dxc5 dxc5 29. Qe5 Bc6 30. Qb8+ Be8 31. Ne5 Rf5 32. Nd7+ Kf7 33. Nxc5 Nf4 34. Ne4 Re5 1-0


[Site "https://www.chess.com"]

[Event "Titled Tuesday Blitz November 08 Late 2022"]
[White "Gardezi, Arsal"]
[Black "D`Arruda, Ricardo D."]
[WhiteFideId "30949521"]
[BlackFideId "100692"]
[WhiteElo "1906"]
[BlackElo "2493"]
[Result "1-0"]
[Round "07"]
[TimeControl "180+1"]
[Date "2022.11.09"]
[WhiteClock "0:00:10"]
[BlackClock "0:01:25"]

1. e4 c5 2. Nf3 Nc6 3. d4 cxd4 4. Nxd4 e5 5. Nb5 a6 6. N5c3 Nf6 7. Bg5 Bb4 8. a3 Be7 9. Bxf6 Bxf6 10. Nd5 d6 11. Nbc3 Be6 12. Be2 O-O 13. O-O Bg5 14. f4 exf4 15. Nxf4 Qb6+ 16. Kh1 Qxb2 17. Ncd5 Qe5 18. Nd3 Qd4 19. N3f4 Qxd1 20. Raxd1 Bd8 21. c4 Ne7 22. Nxe6 fxe6 23. Nf4 Nc8 24. Nxe6 Rxf1+ 25. Rxf1 Bf6 26. Nc7 Rb8 27. Nd5 Bd8 28. Bg4 Bf6 29. Be6+ Kf8 30. Nxf6 gxf6 31. Rxf6+ Ke7 32. Rh6 Nb6 33. Bd5 Rf8 34. h3 Nd7 35. Rxh7+ Kd8 36. Bxb7 Nc5 37. Bc6 Rf1+ 38. Kh2 Ra1 39. a4 Nxa4 40. Rd7+ Kc8 41. Rxd6 Kc7 42. Rh6 Nc5 43. Bd5 a5 44. e5 Nd3 45. e6 Kd6 46. Rh7 Nc5 47. Rh8 a4 48. Rd8+ Ke7 49. Rc8 Kd6 50. Rc6+ Ke7 51. Rxc5 a3 52. Rc7+ Kd6 53. e7 Re1 54. Ra7 1-0


[Site "https://www.chess.com"]

[Event "Titled Tuesday Blitz November 08 Late 2022"]
[White "Girsh, Daniel"]
[Black "Korchmar, Vasiliy"]
[WhiteFideId "30949190"]
[BlackFideId "24131750"]
[WhiteElo "2075"]
[BlackElo "2370"]
[Result "0-1"]
[Round "07"]
[TimeControl "180+1"]
[Date "2022.11.09"]
[WhiteClock "0:00:09"]
[BlackClock "0:00:21"]

1. e4 c5 2. Nf3 d6 3. d4 cxd4 4. Nxd4 Nf6 5. Nc3 Nc6 6. f3 e5 7. Nb3 Be7 8. Be3 O-O 9. Nd5 Be6 10. c4 b5 11. cxb5 Bxd5 12. exd5 Nb4 13. Bc4 Rc8 14. Qe2 Nfxd5 15. Bxd5 Nxd5 16. Bxa7 Nf4 17. Qd2 Bg5 18. Kf1 Qd7 19. Qa5 Rc2 20. Bf2 Qf5 21. Rd1 Nd3 22. Bg3 Nxb2 23. Rd5 Nc4 24. Qa4 Ne3+ 25. Ke1 Nxg2+ 26. Kd1 Ne3+ 27. Ke1 Qxf3 28. Nd4 Qxh1# 0-1


[Site "https://www.chess.com"]

[Event "Titled Tuesday Blitz November 08 Late 2022"]
[White "Gonzalez, Francisco Silva"]
[Black "Mesa Cruz, Juan Carlos"]
[WhiteFideId "1512285"]
[BlackFideId "6423400"]
[WhiteElo "2159"]
[BlackElo "2059"]
[Result "1-0"]
[Round "07"]
[TimeControl "180+1"]
[Date "2022.11.09"]
[WhiteClock "0:00:29"]
[BlackClock "0:00:03"]

1. d4 Nf6 2. c4 e6 3. Nc3 Bb4 4. a3 Bxc3+ 5. bxc3 b6 6. f3 O-O 7. e4 Ne8 8. Bf4 Nc6 9. d5 Na5 10. Qa4 Ba6 11. Bd3 Nd6 12. Bxd6 cxd6 13. Qb4 Qc7 14. Ne2 Bxc4 15. Bxc4 Nxc4 16. Nd4 Qc5 17. dxe6 dxe6 18. a4 Ne3 19. Kf2 Nc4 20. Ke2 Rac8 21. h4 Qe5 22. Qb1 d5 23. Qd3 Nd6 24. Ke3 dxe4 25. fxe4 Nxe4 26. Nf3 Qc5+ 27. Kxe4 Rcd8 28. Nd4 e5 29. Qb5 exd4 30. Qxc5 bxc5 31. Kd3 dxc3+ 32. Kxc3 Rd4 33. g3 Rg4 34. Rhg1 Rd8 35. a5 h5 36. Rae1 Rdd4 37. Re5 Ra4 38. Rxc5 Ra3+ 39. Kb2 Rf3 40. Rxh5 Re4 41. Rc5 Re2+ 42. Rc2 Re5 43. Rc8+ Kh7 44. a6 Rb5+ 45. Kc2 Ra5 46. Rc3 Ra2+ 47. Kb3 Rxa6 48. Rxf3 Rb6+ 49. Kc4 f6 50. g4 Rb2 51. g5 Rh2 52. gxf6 Rxh4+ 53. Kb5 gxf6 54. Rxf6 Rh5+ 55. Ka6 Re5 56. Kxa7 Re7+ 57. Kb6 Re5 58. Rf2 Rh5 59. Rfg2 Rh3 60. Kc5 Rh5+ 61. Kd6 Rh6+ 62. Ke7 Rh5 63. Rg7+ Kh6 64. R1g6# 1-0


[Site "https://www.chess.com"]

[Event "Titled Tuesday Blitz November 08 Late 2022"]
[White "Goryachkina, Aleksandra"]
[Black "Arencibia Monduy, Antonio"]
[WhiteFideId "4147103"]
[BlackFideId "3507939"]
[WhiteElo "2484"]
[BlackElo "2463"]
[Result "1-0"]
[Round "07"]
[TimeControl "180+1"]
[Date "2022.11.09"]
[WhiteClock "0:00:04"]
[BlackClock "0:00:02"]

1. e4 c6 2. d4 d6 3. Nf3 Qc7 4. Bd3 e5 5. c3 Bg4 6. Nbd2 Nf6 7. h3 Bh5 8. Nf1 Nbd7 9. Ng3 Bg6 10. O-O Be7 11. Re1 O-O 12. Bg5 h6 13. Bd2 Rfe8 14. Nh4 Bh7 15. Nhf5 Bf8 16. Qf3 Rad8 17. Rad1 d5 18. exd5 cxd5 19. Bb5 e4 20. Qe2 a6 21. Ba4 b5 22. Bb3 Nb6 23. Bc1 Nc4 24. a4 Qd7 25. Ne3 Nxe3 26. Bxe3 bxa4 27. Bc2 Rb8 28. Qxa6 Re6 29. Qxa4 Qxa4 30. Bxa4 Rxb2 31. Rb1 Reb6 32. Rxb2 Rxb2 33. Rc1 Bd6 34. Nf1 Bf5 35. Nd2 Be6 36. Rb1 Ra2 37. Bb3 Ra3 38. c4 dxc4 39. Bxc4 Bxc4 40. Nxc4 Ra6 41. Nd2 Nd5 42. Nxe4 Nxe3 43. fxe3 Be7 44. Kf2 f5 45. Nc3 Rc6 46. Nd5 Bh4+ 47. Kf3 Bg5 48. Nf4 Rc2 49. g3 Bf6 50. g4 fxg4+ 51. hxg4 Bg5 52. d5 Rd2 53. Ke4 Bf6 54. Rb8+ Kf7 55. Rb7+ Ke8 56. Ne6 Rg2 57. Nxg7+ Kd8 58. Ne6+ Kc8 59. Rc7+ Kb8 60. Rf7 Bg5 61. Nxg5 Rxg4+ 62. Rf4 Rxg5 63. Kd4 Kc7 64. e4 Kd7 65. e5 h5 66. Rf7+ Ke8 67. e6 h4 68. Rh7 Rg4+ 69. Kc5 Kf8 70. Kd6 Kg8 71. Rh5 Re4 72. e7 Kf7 73. Rf5+ Kg6 74. Rf8 h3 75. e8=Q+ 1-0


[Site "https://www.chess.com"]

[Event "Titled Tuesday Blitz November 08 Late 2022"]
[White "Grigorov, Grigor"]
[Black "Romero Ruscalleda, Josep"]
[WhiteFideId "2907313"]
[BlackFideId "2231859"]
[WhiteElo "2510"]
[BlackElo "2183"]
[Result "1-0"]
[Round "07"]
[TimeControl "180+1"]
[Date "2022.11.09"]
[WhiteClock "0:00:55"]
[BlackClock "0:00:19"]

1. Nf3 g6 2. d4 Bg7 3. c3 d6 4. e4 Nf6 5. Bd3 O-O 6. O-O Nbd7 7. Re1 e5 8. Bg5 h6 9. Bh4 b6 10. Nbd2 Bb7 11. Qc2 g5 12. Bg3 Nh5 13. dxe5 dxe5 14. Nc4 Qe7 15. Ne3 Nc5 16. Nf5 Qd7 17. Rad1 Nxg3 18. Nxg3 Nxd3 19. Rxd3 Qe6 20. c4 Rfd8 21. Red1 Bf6 22. h3 Rxd3 23. Rxd3 Rd8 24. Nf5 Kh7 25. Rxd8 Bxd8 26. Qd3 Be7 27. Nh2 Bf8 28. Ng4 h5 29. Nge3 Kg6 30. Nd5 Bd6 31. b3 Bc5 32. Nxc7 Qc6 33. Nd5 b5 34. Nde7+ Bxe7 35. Nxe7+ 1-0


[Site "https://www.chess.com"]

[Event "Titled Tuesday Blitz November 08 Late 2022"]
[White "Gritsenko, Nikolai"]
[Black "Ventura Bolet, Maxim"]
[WhiteFideId "14112493"]
[BlackFideId "22238824"]
[WhiteElo "2389"]
[BlackElo "2186"]
[Result "1-0"]
[Round "07"]
[TimeControl "180+1"]
[Date "2022.11.09"]
[WhiteClock "0:00:17"]
[BlackClock "0:00:02"]

1. b3 e5 2. Bb2 Nc6 3. c4 Nf6 4. e3 d5 5. cxd5 Nxd5 6. a3 Bd6 7. d3 Bd7 8. Nf3 Qe7 9. Nbd2 O-O 10. Qc2 Rae8 11. Be2 Kh8 12. O-O f5 13. Nc4 e4 14. Nd4 Bxh2+ 15. Kxh2 Qh4+ 16. Kg1 Rf6 17. Nxc6 Rh6 18. f4 Bxc6 19. dxe4 Qh2+ 20. Kf2 Qh4+ 21. g3 Qh2+ 22. Ke1 Qxg3+ 23. Kd2 Nxe3 24. Nxe3 Rd6+ 25. Nd5 Rxe4 26. Kc1 Rxd5 27. Kb1 Qe3 28. Bc4 Rd2 29. Qc3 Rxb2+ 30. Kxb2 Qc5 31. Rad1 h6 32. Rg1 Kh7 33. Qxg7# 1-0


[Site "https://www.chess.com"]

[Event "Titled Tuesday Blitz November 08 Late 2022"]
[White "Hoffmann, Asa"]
[Black "Antonova, Nadezhda"]
[WhiteFideId "2001470"]
[BlackFideId "14700182"]
[WhiteElo "2117"]
[BlackElo "1813"]
[Result "1-0"]
[Round "07"]
[TimeControl "180+1"]
[Date "2022.11.09"]
[WhiteClock "0:00:51"]
[BlackClock "0:00:43"]

1. d4 Nf6 2. Bg5 c5 3. d5 d6 4. Nc3 Nbd7 5. e4 g6 6. Qd2 Bg7 7. f4 O-O 8. Nf3 h6 9. Bh4 a6 10. a4 Rb8 11. e5 dxe5 12. fxe5 Nh7 13. d6 g5 14. Bg3 exd6 15. exd6 Re8+ 16. Be2 b5 17. axb5 axb5 18. O-O b4 19. Nd5 Bxb2 20. Ne7+ Kh8 21. Rad1 Bb7 22. Bc4 Kg7 23. Nf5+ Kh8 24. Nxh6 Rf8 25. Nxf7+ Rxf7 26. Bxf7 Qf8 27. Be6 Rd8 28. Bxd7 Rxd7 29. Ne5 Qg7 30. Nxd7 Qxd7 31. Qe2 Bd4+ 32. Rxd4 cxd4 33. Qe5+ Kg8 34. Qxd4 Qc6 35. Rf2 b3 36. d7 1-0


[Site "https://www.chess.com"]

[Event "Titled Tuesday Blitz November 08 Late 2022"]
[White "Howell, David W L"]
[Black "Derige Kane, Yan"]
[WhiteFideId "410608"]
[BlackFideId "20665431"]
[WhiteElo "2567"]
[BlackElo "2148"]
[Result "1-0"]
[Round "07"]
[TimeControl "180+1"]
[Date "2022.11.09"]
[WhiteClock "0:00:29"]
[BlackClock "0:00:01"]

1. d4 Nf6 2. Nf3 e6 3. g3 b6 4. Bg2 Bb7 5. O-O Be7 6. c4 O-O 7. Bf4 d6 8. Re1 Nbd7 9. Qc2 Be4 10. Qb3 c5 11. Nc3 Bb7 12. dxc5 Nxc5 13. Qc2 d5 14. Rad1 Rc8 15. Ne5 Qe8 16. cxd5 exd5 17. Qf5 Rd8 18. Bg5 h6 19. Bxf6 Bxf6 20. Ng4 Bxc3 21. bxc3 Qe6 22. Qf4 Ne4 23. Rd3 Rc8 24. Rc1 Rfd8 25. Ne3 d4 26. Rcd1 Nxc3 27. Rxc3 dxc3 28. Rxd8+ Rxd8 29. Bxb7 Qd7 30. Be4 Qd2 31. Qf5 a5 32. Qh7+ Kf8 33. Nf5 Ke8 34. Bc6+ Kf8 35. Qh8# 1-0


[Site "https://www.chess.com"]

[Event "Titled Tuesday Blitz November 08 Late 2022"]
[White "Ibarra Jerez, Jose Carlos"]
[Black "Putnam, Liam"]
[WhiteFideId "2226332"]
[BlackFideId "30938279"]
[WhiteElo "2638"]
[BlackElo "2082"]
[Result "0-1"]
[Round "07"]
[TimeControl "180+1"]
[Date "2022.11.08"]
[WhiteClock "0:00:03"]
[BlackClock "0:00:06"]

1. e4 e5 2. Nf3 Nc6 3. d4 exd4 4. Nxd4 Nf6 5. Nxc6 bxc6 6. e5 Qe7 7. Qe2 Nd5 8. Nd2 a5 9. Nf3 Ba6 10. c4 Qb4+ 11. Kd1 Nb6 12. b3 a4 13. Kc2 Be7 14. Qd2 Qc5 15. Qd4 Qxd4 16. Nxd4 O-O 17. Be3 g6 18. Be2 c5 19. Nf3 d5 20. exd6 cxd6 21. Nd2 Bf6 22. Rad1 Bb7 23. Bf3 axb3+ 24. axb3 Ra2+ 25. Kd3 d5 26. Ke2 Re8 27. Kf1 Ba6 28. Bxc5 dxc4 29. bxc4 Rxd2 30. Rxd2 Nxc4 31. Rd1 Ne3+ 32. Kg1 Nxd1 33. h4 Re1+ 34. Kh2 Rxh1+ 35. Kxh1 Nc3 36. g3 Be2 37. Bg2 Bd3 38. Kh2 Ne2 39. Bf3 Nd4 40. Bd5 Kg7 41. Kg2 h5 42. Bb7 Ne6 43. Be3 Bf5 44. Bd2 Bd4 45. Bd5 Nc5 46. Bc4 Ne4 47. Be1 Be6 48. Bd3 Bd5 49. f3 Nd6 50. Bd2 Nc4 51. Bc1 Ne5 52. Be2 Kf6 53. Bg5+ Ke6 54. Bf4 f6 55. Bd2 Bc6 56. Bf4 Kf5 57. Bd2 g5 58. hxg5 fxg5 59. Bd1 g4 60. Bc2+ Kf6 61. Bf4 Nxf3 62. Bd1 Nd2+ 63. Kh2 Nf1# 0-1


[Site "https://www.chess.com"]

[Event "Titled Tuesday Blitz November 08 Late 2022"]
[White "Indjic, Aleksandar"]
[Black "Lazavik, Denis"]
[WhiteFideId "911925"]
[BlackFideId "13515110"]
[WhiteElo "2592"]
[BlackElo "2483"]
[Result "1-0"]
[Round "07"]
[TimeControl "180+1"]
[Date "2022.11.08"]
[WhiteClock "0:00:30"]
[BlackClock "0:00:11"]

1. d4 Nf6 2. c4 e6 3. Nc3 Bb4 4. Qc2 O-O 5. Nf3 c5 6. dxc5 Na6 7. g3 Nxc5 8. Bg2 Nce4 9. O-O Nxc3 10. bxc3 Be7 11. e4 d6 12. e5 dxe5 13. Nxe5 Qc7 14. Re1 Nd7 15. Bf4 Nxe5 16. Bxe5 Bd6 17. Bxd6 Qxd6 18. Rab1 Rb8 19. Rb5 b6 20. Rh5 g6 21. Rh4 Rd8 22. Rd4 Qe7 23. Qd2 Bb7 24. Bxb7 Rxd4 25. cxd4 Qxb7 26. d5 Rd8 27. Qg5 Rd6 28. h4 Qd7 29. h5 Qd8 30. Qxd8+ Rxd8 31. dxe6 fxe6 32. hxg6 hxg6 33. Rxe6 Kf7 34. Rc6 Rd7 35. c5 Rd2 36. a4 Ra2 37. Rc7+ Kf6 38. cxb6 axb6 39. Ra7 g5 40. Kg2 Kf5 41. Ra6 g4 42. Kg1 Ra1+ 43. Kg2 Ra2 44. Ra8 Kg5 45. Rg8+ Kf5 46. Rf8+ Kg5 47. Rf4 Ra1 48. Rb4 Kf5 49. Rb5+ Ke4 50. Rg5 Kd3 51. Rxg4 Kc3 52. Rf4 Kb3 53. g4 1-0


[Site "https://www.chess.com"]

[Event "Titled Tuesday Blitz November 08 Late 2022"]
[White "Janaszak, Dawid"]
[Black "Liu, Kelsey"]
[WhiteFideId "1119206"]
[BlackFideId "30944481"]
[WhiteElo "2226"]
[BlackElo "2357"]
[Result "1-0"]
[Round "07"]
[TimeControl "180+1"]
[Date "2022.11.09"]
[WhiteClock "0:00:14"]
[BlackClock "0:00:03"]

1. d4 Nf6 2. Bf4 e6 3. Nf3 b6 4. e3 Bb7 5. h3 d5 6. Nbd2 Bd6 7. Ne5 O-O 8. Bd3 c5 9. c3 Nc6 10. Bg3 Ne7 11. f4 Nf5 12. Bf2 Ne4 13. Nxe4 dxe4 14. Be2 cxd4 15. cxd4 Bb4+ 16. Kf1 a5 17. Rc1 Rc8 18. Kg1 Rxc1 19. Qxc1 Qc8 20. Kh2 Qxc1 21. Rxc1 Bd2 22. Rc7 Bd5 23. Nd7 Rd8 24. Nxb6 Bxa2 25. Bc4 Bb1 26. d5 Nxe3 27. dxe6 Nxc4 28. exf7+ Kh8 29. Re7 Bxf4+ 30. g3 Rf8 31. gxf4 Nd6 32. Bc5 Rxf7 33. Bxd6 Rxe7 34. Bxe7 Kg8 35. Nc4 Kf7 36. Bc5 a4 37. Ne3 Ke6 38. Bd4 1-0


[Site "https://www.chess.com"]

[Event "Titled Tuesday Blitz November 08 Late 2022"]
[White "Jones, Gawain C B"]
[Black "Boruchovsky, Avital"]
[WhiteFideId "409561"]
[BlackFideId "2800055"]
[WhiteElo "2657"]
[BlackElo "2458"]
[Result "0-1"]
[Round "07"]
[TimeControl "180+1"]
[Date "2022.11.08"]
[WhiteClock "0:00:03"]
[BlackClock "0:00:07"]

1. Nf3 c5 2. g3 Nc6 3. c4 g6 4. Bg2 Bg7 5. Nc3 e6 6. O-O Nge7 7. d3 d5 8. cxd5 Nxd5 9. Bd2 O-O 10. Qc1 Nxc3 11. bxc3 b6 12. Bh6 Bb7 13. h4 Qf6 14. Bxg7 Kxg7 15. h5 Ne7 16. e4 gxh5 17. Nh4 Qh6 18. f4 Ng6 19. Nf3 Kh8 20. f5 Qxc1 21. Raxc1 exf5 22. exf5 Ne7 23. f6 Ng6 24. Rce1 Rad8 25. Re3 Rd6 26. Ng5 Bxg2 27. Kxg2 h6 28. Ne4 Re6 29. Rf5 h4 30. Rh5 Kg8 31. Rxh6 Rd8 32. gxh4 Rxd3 33. Rxd3 Nf4+ 34. Kf3 Nxd3 35. Ng5 Re1 36. Kg4 Ne5+ 37. Kf5 Nd7 38. Nf3 Re3 39. Kf4 Rxc3 40. Ng5 Rc1 41. Ne4 c4 42. Rh5 c3 43. Rg5+ Kf8 44. Rh5 Rf1+ 45. Kg5 Kg8 46. Nxc3 Nxf6 47. Rh6 Kg7 48. Ne2 Nh7+ 49. Kh5 Re1 50. Nf4 Re5+ 51. Kg4 Kxh6 52. Nd3 Ra5 53. a3 Ra4+ 54. Kf5 Rxa3 55. Ne5 Ra5 56. Ke4 Rxe5+ 57. Kxe5 f6+ 0-1


[Site "https://www.chess.com"]

[Event "Titled Tuesday Blitz November 08 Late 2022"]
[White "Kanakaris, Georgios"]
[Black "Hansen, Eric"]
[WhiteFideId "4209460"]
[BlackFideId "2606771"]
[WhiteElo "2291"]
[BlackElo "2568"]
[Result "1-0"]
[Round "07"]
[TimeControl "180+1"]
[Date "2022.11.08"]
[WhiteClock "0:00:11"]
[BlackClock "0:00:01"]

1. e4 c5 2. Nf3 e6 3. b3 Nc6 4. Bb2 d6 5. d4 Nf6 6. Nbd2 cxd4 7. Nxd4 Bd7 8. Bd3 Rc8 9. O-O Be7 10. Nc4 O-O 11. Nxc6 Bxc6 12. e5 dxe5 13. Nxe5 Be8 14. Qf3 Qc7 15. Qh3 h6 16. Ng4 Qf4 17. Ne5 Nd5 18. Rae1 Qh4 19. Qf3 Qf4 20. Qh3 Qh4 21. Qf3 Bc6 22. Nxc6 bxc6 23. Re4 Qg5 24. Rg4 Rfd8 25. Rxg5 Bxg5 26. Qe4 Nf6 27. Bxf6 Bxf6 28. g3 g6 29. Re1 Kg7 30. Qa4 Rc7 31. Re4 c5 32. Qb5 Rd6 33. Ra4 Rb6 34. Qe8 h5 35. Qa8 Rbb7 36. Be4 Rb4 37. Rxb4 cxb4 38. h4 Bc3 39. Kf1 Rd7 40. Bd3 Rc7 41. Qe4 a5 42. f3 Rc5 43. g4 Bf6 44. g5 Bc3 45. f4 Rd5 46. Ke2 Kf8 47. Kf3 Rd4 48. Qa8+ Kg7 49. Qxa5 Rd5 50. Qb6 Rd4 51. Qc5 Kg8 52. a4 Rd5 53. Qc8+ Kg7 54. Qc7 Kg8 55. a5 Bd4 56. a6 Rc5 57. Qb8+ Kg7 58. a7 1-0


[Site "https://www.chess.com"]

[Event "Titled Tuesday Blitz November 08 Late 2022"]
[White "Kavutskiy, Konstantin"]
[Black "Baskakov, Egor"]
[WhiteFideId "2026384"]
[BlackFideId "24197866"]
[WhiteElo "2338"]
[BlackElo "2211"]
[Result "0-1"]
[Round "07"]
[TimeControl "180+1"]
[Date "2022.11.08"]
[WhiteClock "0:00:04"]
[BlackClock "0:01:04"]

1. d4 Nf6 2. c4 e6 3. Nf3 d5 4. Nc3 Ne4 5. e3 f5 6. Bd3 c6 7. Qc2 Be7 8. O-O O-O 9. b3 Bd7 10. Ne2 Be8 11. Ne5 Nd7 12. Nf4 Rf6 13. f3 Nd6 14. Ba3 Nf7 15. Bxe7 Qxe7 16. cxd5 cxd5 17. Nxf7 Bxf7 18. Rac1 g5 19. Ne2 Nb6 20. Qc7 Qa3 21. Qxb7 Qxa2 22. Rc6 Rf8 23. Ng3 Qd2 24. Bb1 Qxe3+ 25. Kh1 f4 26. Nh5 Rh6 27. g4 fxg3 28. Nxg3 Qxd4 29. Qxa7 Qf4 30. Kg2 Qd2+ 31. Rf2 Rxh2+ 32. Kxh2 Qxf2+ 33. Kh3 Qe1 34. Bd3 Nc8 35. Qc7 h5 36. Rxe6 Qxe6+ 37. Bf5 Qd6 0-1


[Site "https://www.chess.com"]

[Event "Titled Tuesday Blitz November 08 Late 2022"]
[White "Kim, Sergey"]
[Black "Piesik, Piotr"]
[WhiteFideId "13700570"]
[BlackFideId "1136194"]
[WhiteElo "2579"]
[BlackElo "2316"]
[Result "1-0"]
[Round "07"]
[TimeControl "180+1"]
[Date "2022.11.09"]
[WhiteClock "0:00:04"]
[BlackClock "0:00:06"]

1. d4 c5 2. d5 e5 3. Nc3 d6 4. e4 Be7 5. Be2 Bg5 6. Nf3 Bxc1 7. Qxc1 Ne7 8. Qg5 O-O 9. Nd2 Nd7 10. Nc4 Nf6 11. h4 h6 12. Qg3 Ng6 13. a4 Nf4 14. h5 Nxe2 15. Kxe2 Bg4+ 16. f3 Bxh5 17. Qh4 Bg6 18. g4 Ne8 19. Nb5 a6 20. Nc3 Qxh4 21. Rxh4 Rd8 22. a5 Nc7 23. Nb6 f6 24. Ra3 Be8 25. Nd1 Nb5 26. Re3 Nd4+ 27. Kd2 Kf7 28. c3 Nb5 29. Re1 Ke7 30. Ne3 Bd7 31. Rc1 Rh8 32. Nf5+ Bxf5 33. gxf5 g5 34. fxg6 Rdg8 35. Rg1 Rg7 36. f4 exf4 37. Rxf4 Rhg8 38. Rfg4 h5 39. R4g2 h4 40. Kd3 h3 41. Rh2 Rh8 42. Rg3 Rh6 43. Nc4 Rgxg6 44. Rxg6 Rxg6 45. Rxh3 Rg7 46. Ne3 Kd7 47. Nf5 Rg2 48. Rh7+ Kc8 49. c4 Nd4 50. Nxd6+ Kb8 51. Rxb7+ Ka8 52. Rb6 Rg3+ 53. Kd2 Ka7 54. Nc8+ Ka8 55. d6 Nf3+ 56. Ke2 Ne5 57. Ne7 Rg2+ 58. Kf1 Rd2 59. Nc6 Nxc6 60. Rxc6 Kb7 61. Rb6+ Ka7 62. b3 Rd4 63. Rc6 Kb7 64. Rb6+ Ka7 65. Rc6 Kb7 66. Rxc5 Rxd6 67. Kf2 Rd3 68. Rf5 Rxb3 69. Rxf6 Rc3 70. Rb6+ Ka7 71. Rc6 Kb7 72. Rc5 Ra3 73. Ke2 Rb3 74. e5 Rh3 75. e6 Rh4 76. Re5 Rh8 77. e7 Re8 78. Kd3 Kc6 79. Kd4 Kd6 80. Re4 Rxe7 81. Rxe7 Kxe7 82. Kc5 Kd7 83. Kb6 Kd6 84. c5+ 1-0


[Site "https://www.chess.com"]

[Event "Titled Tuesday Blitz November 08 Late 2022"]
[White "Kleiman, Jake"]
[Black "Chlpik, Martin"]
[WhiteFideId "2020041"]
[BlackFideId "14923351"]
[WhiteElo "2506"]
[BlackElo "2109"]
[Result "1-0"]
[Round "07"]
[TimeControl "180+1"]
[Date "2022.11.09"]
[WhiteClock "0:00:15"]
[BlackClock "0:00:01"]

1. e4 c5 2. c3 d6 3. d4 Nf6 4. Bd3 g6 5. Nf3 Bg7 6. h3 O-O 7. dxc5 dxc5 8. O-O Nc6 9. Qe2 Qc7 10. Nbd2 Nh5 11. Nb3 b6 12. Re1 Nf4 13. Bxf4 Qxf4 14. e5 Bb7 15. Rad1 Rad8 16. g3 Nxe5 17. Nxe5 Qxe5 18. Qxe5 Bxe5 19. Rxe5 c4 20. Nd4 cxd3 21. Rxe7 Bd5 22. Rxd3 Rfe8 23. Rde3 Rxe7 24. Rxe7 a6 25. b3 Kf8 26. Re3 b5 27. f3 Rc8 28. Kf2 Rc5 29. g4 a5 30. Re5 f6 31. Ne6+ Ke7 32. Nxc5+ fxe5 33. Ke3 Kd6 34. Ne4+ Ke7 35. Nd2 a4 36. bxa4 bxa4 37. a3 Kd6 38. c4 Be6 39. Ne4+ Kc6 40. Kd3 Bg8 41. Nf6 1-0


[Site "https://www.chess.com"]

[Event "Titled Tuesday Blitz November 08 Late 2022"]
[White "Korkmaz, Necmettin"]
[Black "Bazeev, German"]
[WhiteFideId "6303285"]
[BlackFideId "24119350"]
[WhiteElo "2094"]
[BlackElo "2493"]
[Result "0-1"]
[Round "07"]
[TimeControl "180+1"]
[Date "2022.11.09"]
[WhiteClock "0:00:18"]
[BlackClock "0:00:10"]

1. e4 c5 2. Nc3 Nc6 3. f4 e6 4. Nf3 Nge7 5. g3 d5 6. e5 Nf5 7. Bg2 h5 8. O-O h4 9. g4 h3 10. Bh1 Nfd4 11. Ne2 Qb6 12. Nexd4 cxd4 13. d3 Bd7 14. Bd2 Be7 15. Be1 O-O-O 16. Bf2 Qxb2 17. Rb1 Qa3 18. Nxd4 Nxd4 19. Bxd4 Bc5 20. c3 Qxc3 21. Bxc5 Qxc5+ 22. d4 Qa5 23. Bf3 Kb8 24. Qb3 b6 25. f5 Rc8 26. fxe6 fxe6 27. Qe3 Qc3 28. Qf2 Rhf8 29. Rb3 Qc2 30. Rfb1 Rf4 31. Qe3 Rcf8 32. R3b2 Qc4 33. Rb4 Qc7 34. Qa3 Rxf3 35. Qa6 Bc8 36. Rxb6+ axb6 37. Rxb6+ Bb7 38. Qe2 Rf1+ 39. Qxf1 Rxf1+ 40. Kxf1 Qxb6 41. Kf2 Qa6 42. Kg3 Qa5 43. Kxh3 Qa4 0-1


[Site "https://www.chess.com"]